 Dungeon Crawl Stone Soup version 0.31-a0-182-gc5ef74bbde (webtiles) character file.

Game seed: 9647041796179396111

291 porpoise the Shooter (level 6, -2/49 HPs)
             Began as a Barachi Hunter on June 21, 2023.
             Was an Initiate of Hepliaklqana.
             Slain by an ice beast (12 damage)
             ... on level 5 of the Dungeon.
             The game lasted 00:11:50 (3699 turns).

porpoise the Shooter (Barachi Hunter)               Turns: 3699, Time: 00:11:52

Health: -2/49      AC:  6    Str: 13    XL:     6   Next: 32%
Magic:  6/6        EV: 12    Int:  9    God:    Hepliaklqana [......]
Gold:   259        SH:  0    Dex: 17    Spells: 5/5 levels left

rFire   . . .        a - +0 shortbow
rCold   . . .        (shield currently unavailable)
rNeg    . . .        c - +0 leather armour
rPois   +            v - +0 helmet
rElec   .            (no cloak)
rCorr   +            n - +0 pair of gloves
SInv    .            m - +0 pair of boots
Will    .....        (no amulet)
Stlth   ++           k - ring of resist corrosion
HPRegen 0.28/turn    s - ring of poison resistance
MPRegen 0.10/turn

%: no passive effects
@: mighty, slow
A: amphibious, slowness 1, strong legs 1, +LOS
a: Hop, Renounce Religion


You were on level 5 of the Dungeon.
You worshipped Hepliaklqana.
Hepliaklqana was noncommittal.
You visited 2 branches of the dungeon, and saw 6 of its levels.

You collected 259 gold pieces.

Inventory:

Hand Weapons
 a - a +0 shortbow (weapon)
 b - the +4 dagger "Reesoett" {holy, Dex+3}
   (You found it on level 4 of the Dungeon)

   Dex:       It affects your dexterity (+3).
 w - a +1 long sword of holy wrath
Missiles
 i - 2 atropa-tipped darts
 j - 7 poisoned darts
 B - 6 boomerangs
Armour
 c - a +0 leather armour (worn)
 m - a +0 pair of boots (worn)
 n - a +0 pair of gloves (worn)
 v - a +0 helmet (worn)
Magical Staves
 l - a staff of cold
Jewellery
 k - a ring of resist corrosion (left hand)
 s - a ring of poison resistance (right hand)
Wands
 u - a wand of polymorph (5)
 x - a wand of iceblast (6)
Scrolls
 d - a scroll of summoning {unknown}
 f - a scroll of revelation
 g - a scroll of amnesia {unknown}
 q - a scroll of teleportation
 t - a scroll of fear {unknown}
 y - a scroll of torment {unknown}
 A - a scroll of fog {unknown}
 D - a scroll of butterflies
Potions
 e - 2 potions of attraction
 h - a potion of magic
 o - 2 potions of mutation {unknown}
 p - a potion of heal wounds {unknown}
 r - 2 potions of might
 z - a potion of resistance {unknown}
 C - a potion of brilliance {unknown}


   Skills:
 + Level 4.4 Fighting
 * Level 5.9 Ranged Weapons
 - Level 2.1 Dodging
 + Level 3.0 Stealth


You had 5 spell levels left.
You didn't know any spells.
Your spell library contained the following spells:

 Spells                   Type           Power      Damage    Failure   Level
 Apportation              Tloc           0%         N/A       45%         1
 Necrotise                Necr           0%         1d4       45%         1
 Summon Small Mammal      Summ           0%         N/A       45%         1
 Cigotuvi's Dreadful Rot  Necr/Pois/Air  0%         N/A       61%         2
 Portal Projectile        Hex/Tloc       0%         N/A       83%         3
 Summon Guardian Golem    Hex/Summ       0%         N/A       83%         3
 Tukima's Dance           Hex            0%         N/A       83%         3
 Vhi's Electric Charge    Tloc/Air       0%         N/A       83%         3
 Dispel Undead            Necr           0%         3d6       99%         4
 Arcjolt                  Conj/Air       0%         1d10      100%        5
 Blade Hands              Tmut           0%         N/A       100%        5
 Death Channel            Necr           0%         N/A       100%        6
 Plasma Beam              Fire/Air       0%         2x1d10    100%        6
 Orb of Destruction       Conj           0%         9d5       100%        7
 Spellforged Servitor     Conj/Summ      0%         N/A       100%        7


Dungeon Overview and Level Annotations

Branches:
Dungeon (5/15)             Temple (1/1) D:4

Altars:
Ashenzari
Cheibriados
Elyvilon
Gozag
Hepliaklqana
Makhleb
Nemelex Xobeh
Okawaru
Sif Muna
Xom
Zin
The Shining One


Innate Abilities, Weirdness & Mutations

You are amphibious.
You cover ground slowly.
You can hop short distances.
You have an extended range of vision and can be seen from far away.


Message History

An ice beast and an iguana come into view.
Found a ring of resist corrosion.
You shoot an arrow.
The arrow hits the ice beast but does no damage.
You shoot an arrow. The arrow hits the ice beast.
The ice beast is lightly wounded.
The ice beast hits you. The ice beast freezes you!
You shoot an arrow. The arrow hits the ice beast.
The ice beast is moderately wounded.
The ice beast closely misses you.
You shoot an arrow.
The arrow hits the ice beast but does no damage.
The ice beast is lightly wounded.
The ice beast hits you. The ice beast freezes you.
You shoot an arrow. The arrow hits the ice beast!
The ice beast is heavily wounded.
The ice beast barely misses you. The ice beast attacks as you move away!
The ice beast hits you but does no damage.
The ice beast attacks as you move away! The ice beast barely misses you.
The ice beast closely misses you. The ice beast attacks as you move away!
The ice beast hits you but does no damage.
The ice beast attacks as you move away! The ice beast hits you.
The ice beast freezes you!
* * * LOW HITPOINT WARNING * * *
It was a potion of might.
You feel very mighty all of a sudden. The ice beast closely misses you.
You shoot an arrow.
The arrow completely misses the ice beast.
The arrow barely misses the iguana.
The ice beast misses you.
You shoot an arrow.
The arrow hits the ice beast but does no damage.
The ice beast is heavily wounded.
The ice beast hits you but does no damage.
The ice beast hits you.
* * * LOW HITPOINT WARNING * * *
The ice beast freezes you!
You die...

### #.# ..# #.# #.#
#.# ############.#
.......†.†.#.#
##########@#.# #Y#.#
#####l..#
#.....##########
#.#.............
#.....#.#.#....#####
.........#<#.#.<..#
.........#.#.#.....#
.........#.#.##....#


You could see an ice beast and an iguana.

Vanquished Creatures
  A black bear (D:5)
  Jessica (D:3)
  An iguana (D:4)
  Ijyb (D:3)
  4 adders
  A worm (D:5)
  3 dart slugs
  An orc (D:4)
  7 endoplasms
  6 giant cockroaches
  6 goblins
  9 hobgoblins
  3 jackals (D:4)
  9 kobolds
  3 quokkas
  5 ball pythons
  6 bats
  2 frilled lizards (D:1)
  6 rats
75 creatures vanquished.

Notes
Turn   | Place    | Note
-------+----------+-------------------------------------------
     0 | D:1      | porpoise the Barachi Hunter began the quest for the Orb.
     0 | D:1      | Reached XP level 1. HP: 17/17 MP: 1/1
    21 | D:1      | Reached skill level 1 in Stealth
    66 | D:1      | Reached XP level 2. HP: 23/23 MP: 2/2
   200 | D:1      | Reached XP level 3. HP: 28/28 MP: 3/3
   422 | D:1      | Found a faded altar of an unknown god.
  1689 | D:3      | Found an opulent altar of Gozag.
  1699 | D:3      | Noticed Jessica
  1778 | D:3      | Killed Jessica
  1779 | D:3      | Reached XP level 4. HP: 35/35 MP: 4/4
  1855 | D:3      | Reached skill level 5 in Ranged Weapons
  2231 | D:3      | Noticed Ijyb
  2248 | D:3      | Killed Ijyb
  2249 | D:3      | Reached XP level 5. HP: 14/42 MP: 5/5
  2905 | D:4      | Found a burning altar of Makhleb.
  3142 | D:4      | Found a staircase to the Ecumenical Temple.
  3155 | Temple   | Entered the Ecumenical Temple
  3265 | Temple   | Became a worshipper of Hepliaklqana the Forgotten
  3380 | D:4      | Identified the +4 dagger "Reesoett" {holy, Dex+3}
  3489 | D:5      | Entered Level 5 of the Dungeon
  3501 | D:5      | Noticed a black bear
  3510 | D:5      | Killed a black bear
  3511 | D:5      | Reached XP level 6. HP: 31/49 MP: 6/6
  3685 | D:5      | Noticed an ice beast
  3699 | D:5      | Slain by an ice beast

Illustrated notes

Levels and vault maps discovered:
D:1:      ncdulo_halloftheorcs, layout_rooms, shapermc_ecumenical_altar_gd,
          chequers_serial_rivers_micro_b, st_stairs_12
D:2:      layout_basic
D:3:      layout_basic, old_standard_altar, serial_corexii_hall,
          corexii_hall_statues_u, chequers_hall_statues_corner_a,
          nicolae_figureground_sparkle, uniq_ijyb, uniq_jessica
D:4:      layout_cave_pools, kennysheep_mini_moat,
          minmay_temple_entry_antechambers
D:5:      layout_basic
Temple:   hellmonk_temple_beads

Skill      XL: |  1  2  3  4  5 |
---------------+----------------+-----
Stealth        | 1 2 3 |  3.0
Fighting       | 3 4 |  4.4
Ranged Weapons | 5 |  5.9
Dodging        | |  2.1

Action                     |  1- 3 |  4- 6 || total
---------------------------+-------+-------++-------
   Fire: Shortbow          |   117 |   134 ||   251
Ability: Hop               |       |     1 ||     1
    Use: Scroll            |     4 |       ||     4
         Potion            |       |     1 ||     1
 Armour: Leather armour    |     5 |    19 ||    24
         Skin              |     1 |       ||     1
  Dodge: Dodged            |    12 |    31 ||    43

Table legend: (Time is in decaauts)
 A = Elapsed time spent in this place.
 B = Non-inter-level travel time spent in this place.
 C = Inter-level travel time spent in this place.
 D = Time resting spent in this place.
 E = Time spent auto-exploring this place.
 F = Levels seen in this place.
 G = Mean time per level.
                   A        B        C        D        E       F      G
               +--------+--------+--------+--------+--------+-----+--------+
         Total |   4273 |   4047 |    226 |    652 |   2714 |   6 |  712.2 |
       Dungeon |   4104 |   3937 |    167 |    652 |   2619 |   5 |  820.8 |
        Temple |    169 |    110 |     59 |      0 |     94 |   1 |  169.0 |
               +--------+--------+--------+--------+--------+-----+--------+

Top non-repeatable levels by time:
     D:3: 1160 daAuts
     D:2: 1019 daAuts
     D:4: 859 daAuts
     D:1: 844 daAuts
     D:5: 219 daAuts
  Temple: 169 daAuts
